 Dungeon Crawl Stone Soup version 0.31-a0-142-g31f6795574 (webtiles) character file.

Game seed: 3788916754280812695

252 mopl the Covered (level 5, -1/48 HPs)
             Began as an Armataur Fighter on June 3, 2023.
             Frozen to death by an endoplasm (5 damage)
             ... on level 2 of the Dungeon.
             The game lasted 00:02:03 (1172 turns).

mopl the Covered (Armataur Fighter)                 Turns: 1172, Time: 00:02:04

Health: -1/48      AC:  8    Str: 21    XL:     5   Next: 89%
Magic:  5/5        EV:  8    Int:  9    God:
Gold:   28         SH:  4    Dex: 11    Spells: 4/4 levels left

rFire   . . .        a - +0 flail
rCold   . . .        c - +0 buckler
rNeg    . . .        b - +0 scale mail
rPois   .            i - +0 helmet
rElec   .            (no cloak)
rCorr   .            (no gloves)
SInv    .            (no barding)
Will    .....        (no amulet) Stlth
                     (no ring)
HPRegen 0.28/turn    (no ring)
MPRegen 0.09/turn

%: roll
@: no status effects
A: large, rugged brown scales 3, deformed body, armoured tail, roll, long
tongue, awkward tongue
a: no special abilities


You were on level 2 of the Dungeon.
You visited 1 branch of the dungeon, and saw 2 of its levels.

You collected 28 gold pieces.

Inventory:

Hand Weapons
 a - a +0 flail (weapon)
Armour
 b - a +0 scale mail (worn)
 c - a +0 buckler (worn)
 i - a +0 helmet (worn)
Scrolls
 e - a scroll of teleportation {unknown}
 h - a scroll of vulnerability {unknown}
Potions
 d - a potion of might
 f - a potion of degeneration {unknown}
 g - 2 potions of curing {unknown}


   Skills:
 + Level 3.6 Fighting
 * Level 3.8 Maces & Flails
 + Level 4.8 Armour
 + Level 1.6 Dodging
 - Level 3.2 Shields


You had 4 spell levels left.
You didn't know any spells.
Your spell library was empty.

Dungeon Overview and Level Annotations

Branches:
Dungeon (2/15)

Altars:


Innate Abilities, Weirdness & Mutations

You are completely covered in rugged brown scales. (AC +3, +7% HP)
Armour fits poorly on your strangely shaped body.
You have a long armoured tail.
You roll when moving toward enemies. (Rampage)
Your long tongue fully drains potion bottles. (2x potion effects)
Your tongue gives you trouble enunciating. (1.5x scroll delay)


Message History

The endoplasm quivers.
You block something's attack.
You miss something. Something hits you.
You barely miss something.
The hobgoblin throws a stone.
The stone barely misses you. Something hits you!
You hit something. You closely miss something.
You hear some strange, mumbled words.
You are confused.
The hobgoblin hits you from afar with a +0 spear.
Something hits you but does no damage.
You bump into the rock wall.
The hobgoblin hits you from afar with a +0 spear!
The endoplasm freezes you.
You are frozen.
You hit something.
Reactivating autopickup.
You feel a bit more experienced. The endoplasm barely misses you.
The hobgoblin hits you from afar with a +0 spear!
* * * LOW HITPOINT WARNING * * *
You have reached level 5!
Things that are here:
a +0 scythe; a +0 robe; a ball python skeleton The endoplasm hits you but does no damage.
Things that are here:
a +2 robe of willpower; a +0 club; the human skeleton of Jessica The endoplasm barely misses you.
The endoplasm freezes you.
You are frozen.
* * * LOW HITPOINT WARNING * * *
The hobgoblin hits you from afar with a +0 spear.
* * * LOW HITPOINT WARNING * * *
Things that are here:
a +0 scythe; a +0 robe; a ball python skeleton You feel less confused.
The hobgoblin hits you from afar with a +0 spear.
* * * LOW HITPOINT WARNING * * *
The endoplasm freezes you.
You are frozen.
You die...

# #.##.## .. #.#...
# ... #.#..# .#
....###.#..##..#.#
..................
........#..# .
#†g).# ... #(#J.#
.... #.#@)#
....###)#..# #
...........###.#...
...................
....##..##..##....
... ##....## .. ..
##..## # #..# #..#


You could see an endoplasm and a hobgoblin.

Vanquished Creatures
  Sigmund (D:2)
  Jessica (D:2)
  Robin (D:1)
  A gnoll (D:1)
  A dart slug (D:2)
  5 bats (D:1)
  3 endoplasms (D:1)
  12 goblins
  7 hobgoblins
  A kobold (D:1)
  A quokka (D:1)
  3 ball pythons
  2 frilled lizards (D:1)
  2 rats (D:1)
41 creatures vanquished.

Notes
Turn   | Place    | Note
-------+----------+-------------------------------------------
     0 | D:1      | mopl the Armataur Fighter began the quest for the Orb.
     0 | D:1      | Reached XP level 1. HP: 19/19 MP: 1/1
    99 | D:1      | Reached skill level 2 in Maces & Flails
    99 | D:1      | Reached XP level 2. HP: 4/26 MP: 2/2
   676 | D:1      | Reached skill level 4 in Armour
   738 | D:1      | Reached XP level 3. HP: 32/32 MP: 3/3
   770 | D:1      | Reached skill level 3 in Fighting
   847 | D:2      | Noticed Jessica
   852 | D:2      | Killed Jessica
   861 | D:2      | Noticed Robin
   888 | D:1      | Reached skill level 1 in Dodging
   969 | D:1      | Reached XP level 4. HP: 40/40 MP: 4/4
  1002 | D:1      | Killed Robin
  1043 | D:2      | Reached skill level 3 in Maces & Flails
  1043 | D:2      | Noticed Sigmund
  1167 | D:2      | Killed Sigmund
  1168 | D:2      | Reached XP level 5. HP: 12/48 MP: 5/5
  1172 | D:2      | Frozen to death by an endoplasm

Illustrated notes

Levels and vault maps discovered:
D:1:      lightli_arrival_isolated_outpost, layout_loops_corners
D:2:      layout_basic, serial_shops, nicolae_shop_hallway_stairs,
          palyth_stone_intersect, uniq_sigmund, uniq_jessica, uniq_robin

Skill      XL: |  1  2  3  4 |
---------------+-------------+-----
Maces & Flails | 2 3 |  3.8
Armour         | 4 |  4.8
Fighting       | 3 |  3.6
Dodging        | 1 |  1.6
Shields        | |  3.2

Action                     |  1- 3 |  4- 6 || total
---------------------------+-------+-------++-------
  Melee: Flail             |    93 |    49 ||   142
         Tailslap          |     9 |     8 ||    17
 Armour: Scale mail        |    44 |    30 ||    74
  Dodge: Dodged            |    37 |    24 ||    61
  Block: Buckler           |    19 |    16 ||    35

Table legend: (Time is in decaauts)
 A = Elapsed time spent in this place.
 B = Non-inter-level travel time spent in this place.
 C = Inter-level travel time spent in this place.
 D = Time resting spent in this place.
 E = Time spent auto-exploring this place.
 F = Levels seen in this place.
 G = Mean time per level.
                   A        B        C        D        E       F      G
               +--------+--------+--------+--------+--------+-----+--------+
         Total |   1219 |   1212 |      7 |    240 |    629 |   2 |  609.5 |
       Dungeon |   1219 |   1212 |      7 |    240 |    629 |   2 |  609.5 |
               +--------+--------+--------+--------+--------+-----+--------+

Top non-repeatable levels by time:
     D:1: 1093 daAuts
     D:2: 126 daAuts
